Map: [ESL] Oceanborn

Players

Cham

  • Race: Zerg Zerg
  • Spawn Location: 5:00

DisK - Winner!

  • Race: Protoss Protoss
  • Spawn Location: 11:00

Event: ESL SC2 Masters 2024 Spring (Regional)

VOD

Have the link to the VOD?

Description

Time

  • Played on: May 3, 2024, 2:52 p.m.
  • Length: 14:26

All games in this series

Show
View Real Time Build Order
Export as new Build Order

Cham Zerg 

Build Orders: Hatch First 

Get SALT Encoding   

  12  0:00  Drone  
  13  0:12  Overlord  
  13  0:18  Drone  
  14  0:31  Drone x2  
  16  0:49  Hatchery  
  15  0:51  Drone  
  15  0:55  Drone  
  17  0:58  Drone  
  18  1:11  Spawning Pool  
  18  1:13  Extractor  
  18  1:16  Drone  
  17  1:20  Drone  
  18  1:29  Drone  
  19  1:40  Drone  
  20  1:51  Drone  
  21  2:01  Queen  
  21  2:02  Zergling x4, Queen  
  27  2:16  Overlord, Drone  
  27  2:17  Metabolic Boost  
  28  2:36  Drone x3  
  31  2:42  Hatchery  
  31  2:43  Queen  
  32  2:50  Queen  
  34  2:55  Overlord  
  34  3:01  Drone x2  
  34  3:04  Overlord  
  36  3:13  Drone x4  
  36  3:15  Drone  
  36  3:17  Drone  
  40  3:30  Drone  
  40  3:33  Zergling x6  
  43  3:35  Drone  
  43  3:38  Queen  
  46  3:42  Queen  
  46  3:44  Drone x2  
  50  3:50  Overlord  
  50  3:53  Overlord  
  50  4:00  Overlord  
  50  4:08  Drone  
  50  4:09  Drone x4  
  57  4:10  Drone  
  57  4:19  Drone x3  
  57  4:20  Drone x3  
  57  4:22  Drone  
  63  4:25  Spore Crawler  
  63  4:29  Spore Crawler  
  63  4:30  Drone x3  
  64  4:33  Spore Crawler, Drone x2  
  63  4:38  Spore Crawler  
  63  4:45  Drone x2  
  65  4:48  Overlord  
  65  4:54  Overlord x2, Extractor  
  65  4:59  Hatchery  
  63  5:02  Overlord x2  
  63  5:04  Lair  
  63  5:08  Overlord, Drone x2  
  63  5:09  Overlord  
  65  5:15  Drone x2  
  65  5:18  Drone x2  
  65  5:21  Drone x2  
  70  5:29  Zergling x8, Hatchery  
  70  5:34  Roach Warren, Drone  
  70  5:35  Zergling x2  
  74  5:41  Drone  
  74  5:42  Zergling x4  
  77  5:43  Overlord  
  77  5:47  Zergling x8  
  77  5:48  Zergling x2  
  82  5:53  Overlord  
  82  6:00  Zergling x16  
  82  6:03  Zergling x4  
  91  6:05  Zergling x2  
  91  6:09  Overlord  
  90  6:11  Zergling x2  
  90  6:15  Roach  
  90  6:16  Roach  
  94  6:22  Roach, Glial Reconstitution  
  94  6:23  Roach  
  95  6:27  Roach x5  
  95  6:28  Roach x2  
  95  6:30  Overlord  
  109  6:33  Overlord x2  
  109  6:40  Overlord x2  
  109  6:42  Roach x2  
  109  6:46  Overlord  
  112  6:47  Drone x2  
  112  6:48  Drone  
  112  6:51  Baneling Nest, Drone, Extractor x2  
  113  6:56  Drone x7  
  113  6:57  Evolution Chamber  
  113  7:00  Roach  
  121  7:01  Roach  
  121  7:02  Roach  
  121  7:07  Drone x2  
  121  7:08  Drone x3  
  130  7:12  Extractor  
  130  7:13  Extractor  
  130  7:14  Overlord  
  128  7:18  Drone x3  
  128  7:19  Drone x2  
  133  7:25  Zerg Melee Weapons Level 1  
  133  7:26  Overlord  
  133  7:28  Overlord  
  133  7:30  Roach x2, Overlord  
  133  7:31  Zergling x2  
  133  7:35  Roach x3  
  142  7:39  Zergling x2  
  142  7:40  Zergling x4  
  142  7:41  Baneling x5  
  142  7:44  Zergling x4, Baneling x2  
  147  7:49  Baneling x3  
  144  7:53  Zergling x4  
  144  7:58  Roach x6  
  132  8:01  Roach x2  
  132  8:02  Zergling x4  
  134  8:07  Zergling x2  
  134  8:08  Zergling x8  
  139  8:13  Centrifugal Hooks  
  139  8:17  Drone x6  
  139  8:19  Drone  
  146  8:20  Drone  
  146  8:22  Drone x2  
  149  8:32  Overlord  
  149  8:33  Zergling x14  
  156  8:34  Ravager  
  156  8:35  Ravager  
  156  8:36  Ravager x2  
  156  8:38  Ravager x2  
  156  8:40  Zergling x4  
  161  8:49  Zergling x14  
  161  8:52  Zergling x2  
  161  8:55  Zergling x10  
  174  8:59  Zergling x2  
  174  9:00  Zergling x8  
  179  9:05  Baneling x3  
  179  9:06  Baneling x8  
  178  9:12  Baneling x11  
  178  9:13  Zergling x2  
  178  9:16  Drone x4  
  183  9:23  Zergling x2  
  183  9:24  Zergling x12  
  178  9:26  Roach  
  178  9:28  Roach  
  158  9:32  Roach  
  158  9:33  Roach x3  
  158  9:37  Zergling x2  
  158  9:38  Zergling x6  
  156  9:42  Zergling x2  
  156  9:43  Zergling x4  
  158  9:45  Drone  
  158  9:46  Drone x2  
  158  9:51  Zergling x2  
  158  9:52  Zergling x6  
  165  9:55  Zergling x4  
  166  10:00  Zergling x2  
  166  10:01  Zergling x8  
  166  10:05  Ravager  
  172  10:07  Zergling x8  
  172  10:09  Zergling x6  
  179  10:15  Zergling x10  
  179  10:20  Roach x2  
  179  10:21  Roach, Zergling x2  
  191  10:25  Zergling x6  
  191  10:28  Baneling x8  
  194  10:30  Zergling x2  
  195  10:36  Zergling x2  
  195  10:37  Zergling x4  
  195  10:38  Baneling  
  195  10:39  Baneling x5  
  195  10:40  Baneling x8  
  194  10:50  Zergling x2  
  194  10:51  Zergling x14  
  194  10:58  Zergling x2  
  194  10:59  Zergling x8  
  194  11:01  Baneling x4  
  198  11:04  Drone  
  195  11:13  Zergling x8  
  199  11:20  Baneling x7  
  199  11:21  Baneling x4  
  199  11:26  Baneling x5  
  152  11:40  Zergling x2  
  152  11:41  Zergling x24  
  138  11:48  Zergling x2  
  138  11:49  Zergling x10  
  138  11:53  Drone x2  
  140  12:01  Zergling x4  
  140  12:03  Baneling x5  
  140  12:04  Baneling x5  
  141  12:09  Zergling x2  
  141  12:10  Zergling x10  
  141  12:14  Baneling x5  
  147  12:24  Zergling x2  
  147  12:25  Zergling x14  
  155  12:36  Zergling x4, Roach x2  
  161  12:38  Ravager x5  
  161  12:39  Ravager  
  167  12:45  Zergling x8  
  167  12:47  Zergling x2  
  167  12:48  Zergling x2  
  173  12:58  Zergling x2  
  173  12:59  Zergling x6  
  173  13:01  Zergling x6  
  173  13:03  Baneling  
  173  13:04  Baneling x16  
  180  13:06  Baneling x6  
  180  13:09  Zergling x6  
  183  13:12  Baneling  
  183  13:13  Baneling  
  183  13:17  Zergling x10  
  188  13:20  Zergling x8  
  188  13:26  Baneling x8  
  191  13:29  Baneling x3  
  191  13:30  Baneling x5  
  185  13:48  Zergling x26  
  176  13:49  Baneling  
Show
View Real Time Build Order
Export as new Build Order

DisK Protoss - Winner!

Build Orders: 1 Gate Expand, Oracle Opening, Phoenix Opening, Zealot Archon 

Get SALT Encoding   

  12  0:00  Probe  
  13  0:12  Probe  
  14  0:18  Pylon  
  14  0:24  Probe  
  15  0:36  Probe (Chrono Boost)  
  15  0:37  Gateway  
  16  0:46  Assimilator, Probe (Chrono Boost)  
  17  0:51  Probe (Chrono Boost)  
  18  1:03  Probe  
  19  1:15  Probe  
  20  1:23  Nexus  
  20  1:32  Cybernetics Core  
  20  1:35  Probe  
  21  1:41  Assimilator  
  21  1:48  Probe  
  21  1:51  Pylon  
  22  2:00  Probe (Chrono Boost)  
  23  2:07  Adept (Chrono Boost)  
  23  2:08  Warp Gate  
  23  2:10  Probe (Chrono Boost)  
  26  2:15  Probe (Chrono Boost)  
  27  2:23  Stargate  
  27  2:27  Probe  
  28  2:30  Adept (Chrono Boost)  
  28  2:35  Probe  
  31  2:39  Probe  
  32  2:47  Probe  
  33  2:51  Probe  
  33  2:56  Adept  
  36  2:59  Probe  
  36  3:03  Probe  
  38  3:06  Phoenix (Chrono Boost)  
  38  3:09  Pylon  
  38  3:11  Probe  
  41  3:15  Probe  
  41  3:19  Gateway  
  42  3:23  Probe  
  43  3:28  Probe  
  43  3:29  Oracle (Chrono Boost)  
  45  3:35  Probe  
  46  3:46  Nexus  
  46  3:47  Probe  
  47  3:51  Pylon  
  47  3:53  Probe  
  48  3:59  Probe  
  49  4:03  Oracle (Chrono Boost)  
  49  4:05  Probe  
  49  4:07  Assimilator  
  49  4:09  Assimilator  
  53  4:14  Adept x2  
  58  4:19  Probe (Chrono Boost)  
  58  4:22  Probe (Chrono Boost)  
  57  4:25  Twilight Council  
  57  4:26  Forge  
  57  4:30  Pylon  
  58  4:34  Probe x2 (Chrono Boost)  
  58  4:35  Pylon  
  59  4:44  Probe  
  59  4:45  Probe  
  61  4:47  Robotics Facility  
  61  4:56  Gateway  
  61  4:57  Gateway  
  61  4:59  Probe x2 (Chrono Boost)  
  64  5:03  Protoss Ground Weapons Level 1 (Chrono Boost), Probe (Chrono Boost)  
  64  5:08  Charge  
  64  5:11  Probe x2 (Chrono Boost)  
  64  5:13  Probe (Chrono Boost)  
  67  5:15  Shield Battery  
  67  5:19  Probe x2  
  69  5:28  Gateway  
  69  5:29  Probe  
  69  5:30  Gateway  
  69  5:31  Pylon, Observer, Probe  
  72  5:37  Probe  
  72  5:38  Templar Archives  
  72  5:39  Assimilator  
  72  5:41  Assimilator  
  73  5:43  Probe x2  
  73  5:48  Sentry  
  73  5:49  Probe  
  78  5:55  Probe x2, Gateway  
  78  5:56  Gateway  
  80  6:01  Probe  
  81  6:05  Adept x3  
  83  6:13  Pylon  
  83  6:15  Shield Battery  
  83  6:21  Probe x3  
  83  6:25  Gateway  
  86  6:26  Gateway  
  86  6:32  High Templar x2  
  86  6:33  High Templar x2  
  86  6:35  Warp Prism  
  86  6:39  Archon x2  
  96  6:42  Pylon  
  96  6:43  Pylon  
  96  6:45  Pylon x3  
  96  6:50  Pylon  
  96  7:02  High Templar x3  
  96  7:06  Zealot x4, High Templar  
  112  7:10  Pylon  
  112  7:11  Pylon  
  112  7:13  Archon x2  
  112  7:23  Zealot x2, Photon Cannon  
  116  7:39  Zealot x3  
  116  7:40  Zealot x5  
  116  7:44  Zealot x2  
  128  8:01  Zealot x8  
  125  8:06  Immortal  
  114  8:15  Shield Battery  
  114  8:17  Void Ray (Chrono Boost)  
  114  8:18  Shield Battery  
  118  8:22  High Templar x3  
  118  8:23  High Templar x3, Stalker x2  
  130  8:29  Archon x2, Shield Battery  
  130  8:31  Photon Cannon  
  130  8:32  Zealot x2  
  130  8:34  Archon  
  134  8:42  Protoss Ground Weapons Level 2  
  134  8:48  Immortal (Chrono Boost), Nexus  
  130  8:55  Psionic Storm  
  134  8:58  Pylon  
  134  9:04  Zealot x5  
  143  9:15  Zealot x5  
  124  9:31  Stalker x2  
  124  9:32  Stalker x3  
  130  9:40  Stalker x4  
  138  9:48  Immortal (Chrono Boost)  
  142  9:56  High Templar  
  142  9:57  High Templar  
  138  10:03  Zealot x2, High Templar x2, Photon Cannon  
  138  10:06  Photon Cannon  
  146  10:08  Archon x2  
  146  10:20  Immortal (Chrono Boost)  
  150  10:23  High Templar  
  152  10:41  High Templar x2  
  156  10:56  Stalker x6  
  160  11:13  Stalker x4  
  160  11:15  Pylon  
  164  11:21  Pylon  
  164  11:34  Archon  
  147  11:41  Stalker x10  
  145  11:50  Immortal  
  149  12:08  High Templar x2  
  153  12:09  Zealot x3  
  153  12:10  Zealot x5  
  153  12:11  Pylon  
  169  12:16  Nexus  
  169  12:22  Blink (Chrono Boost)  
  169  12:24  Pylon  
  169  12:31  High Templar x2  
  173  12:44  Photon Cannon  
  173  12:45  Photon Cannon  
  173  12:46  Shield Battery  
  173  12:48  Pylon  
  173  12:50  Zealot x2  
  177  12:51  High Templar x2  
  181  12:59  Observer  
  180  13:32  Zealot x7  
  166  13:48  Zealot x2  
  166  13:49  Zealot x8  
  182  13:57  Archon  
  173  14:06  Archon  
  173  14:09  Zealot x8  
Tags
 
Add a new tag
Caveats
  • Supply blocks, unpowered buildings, or Contaminate may cause inaccurate times.
  • Supply counts are checked every 10 seconds.